 Dungeon Crawl Stone Soup version 0.19-a0-1041-g82b1012 (webtiles) character file.

35 Arkorax the Skirmisher (level 3, -7/33 HPs)
             Began as a Draconian Chaos Knight on July 30, 2016.
             Mangled by a gnoll
             ... wielding a +0 spear
              (10 damage)
             ... on level 2 of the Dungeon.
             The game lasted 00:00:38 (700 turns).

Arkorax the Skirmisher (Draconian Chaos Knight)      Turns: 700, Time: 00:00:39

Health: -7/33      AC:  5    Str: 12    XL:     3   Next: 16%
Magic:  3/3        EV: 12    Int: 10    God:    Xom [*.....]
Gold:   53         SH:  0    Dex: 11    Spells: 0 memorised, 2 levels left

rFire  . . .     SeeInvis .     a - +0 falchion (chaos)
rCold  . . .     Gourm    .     (armour unavailable)
rNeg   . . .     Faith    .     (no shield)
rPois  .         Spirit   .     (helmet restricted)
rElec  .         Dismiss  .     (no cloak)
rCorr  .         Reflect  .     (no gloves)
SustAt .         Harm     .     (no boots)
MR     .....     Clarity  +     (no amulet)
Stlth  +.........               (no ring)
                                (no ring)

@: not resistant to hostile enchantments, very unstealthy
A: unfitting armour, blink, clarity, dopey 1, weak 1, cold-blooded, AC +5
a: Blink, Renounce Religion


You were on level 2 of the Dungeon.
You worshipped Xom.
You were a special plaything of Xom.
You were not hungry.

You visited 1 branch of the dungeon, and saw 2 of its levels.

You collected 53 gold pieces.

Inventory:

Hand Weapons
 a - a +0 falchion of chaos (weapon)
Scrolls
 c - a scroll of immolation {unknown}
 d - a scroll of teleportation {unknown}
 e - 2 scrolls of identify {unknown}
 f - a scroll of blinking {unknown}
 g - a scroll of magic mapping {unknown}
Comestibles
 b - a bread ration
 h - a meat ration


   Skills:
 + Level 3.7 Fighting
 * Level 3.6 Long Blades
 + Level 2.5 Dodging


You had 2 spell levels left.
You didn't know any spells.

Dungeon Overview and Level Annotations

Branches:
Dungeon (2/15)

Altars:


Innate Abilities, Weirdness & Mutations

Your plain brown scales are hard. (AC +5)
Your body does not fit into most forms of armour.
You are cold-blooded and may be slowed by cold attacks.
You can translocate small distances at will.
You possess an exceptional clarity of mind.
You are dopey. (Int -2)
You are weak. (Str -2)


Message History

The gnoll is moderately wounded.
The gnoll misses you. The gnoll closely misses you.
You riposte.
You hit the gnoll. You freeze the gnoll.
The gnoll is severely wounded.
You hit the gnoll.
The gnoll is almost dead.
The gnoll hits you from afar with a spear.
The gnoll hits you with a spear!
* * * LOW HITPOINT WARNING * * *
You are too injured to fight recklessly!
You are too injured to fight recklessly!
You are too injured to fight recklessly!
You kill the gnoll!
You have reached level 3!
Your experience leads to an increase in your attributes!
Your base attributes are Str 14, Int 12, Dex 10.
Increase (S)trength, (I)ntelligence, or (D)exterity?
You feel agile.
Your scales feel tougher.
The gnoll hits you from afar with a spear!
You die...

# #. #.#####
#./...#
#.....#
#...@.#
#?.).<#
##..).g......
#)..........
#.......####
#.........
#.......###
#.......#
#.......#


You could see a gnoll.

Vanquished Creatures
  2 gnolls (D:2)
  4 goblins (D:1)
  4 hobgoblins (D:1)
  2 kobolds (D:1)
  2 giant newts (D:1)
14 creatures vanquished.

Notes
Turn   | Place    | Note
-------+----------+-------------------------------------------
     0 | D:1      | Arkorax the Draconian Chaos Knight began the quest for the Orb.
     0 | D:1      | Reached XP level 1. HP: 19/19 MP: 1/1
   235 | D:1      | Reached XP level 2. HP: 26/26 MP: 2/2
   693 | D:2      | XOM: give mutations
   693 | D:2      | Gained mutation: You are dopey. (Int -2) [Xom's mischief]
   693 | D:2      | Gained mutation: You can translocate small distances at will. [Xom's mischief]
   693 | D:2      | Gained mutation: You are weak. (Str -2) [Xom's mischief]
   693 | D:2      | Gained mutation: You possess an exceptional clarity of mind. [Xom's mischief]
   700 | D:2      | Reached XP level 3. HP: 3/33 MP: 3/3
   700 | D:2      | Mangled by a gnoll

Vault maps used:
D:1:      tarquinn_simple_flora_water_e, minmay_hedge_maze
D:2:      kennysheep_big_flooded_room

Action                   || total
-------------------------++-------
Melee: Falchion          ||    58
       Tailslap          ||     5
 Stab: Sleeping          ||     2
Armor: Skin              ||    13
Dodge: Dodged            ||    30
